 Dungeon Crawl Stone Soup version 0.31-a0-1321-g5021b54cb2 (console) character file.

Game seed: 11685709698788800929

73605 jejorda2 the Gnoll of Prey (level 15, 0/181 HPs)
             Began as a Gnoll Berserker on Dec 20, 2023.
             Was a Priest of Trog.
             Succumbed to a meliai's poison
             ... on level 15 of the Dungeon.
             The game lasted 00:52:44 (24154 turns).

jejorda2 the Gnoll of Prey (Gnoll Berserker)       Turns: 24154, Time: 00:52:45

Health: 0/181      AC: 23    Str: 25    XL:     15   Next: 43%
Magic:  29/29      EV: 13    Int: 18    God:    Trog [***...]
Gold:   354        SH:  0    Dex: 13    Spells: 34/34 levels left

rFire   . . .        a - +2 battleaxe (freeze)
rCold   . . .        (shield currently unavailable)
rNeg    . . .        y - +6 chain mail of Beauty {Str+3 Int+3 Dex+2}
rPois   +            i - +0 hat {Will+}
rElec   +            D - +0 cloak
rCorr   .            t - +2 pair of gloves
SInv    .            (no boots)
Will    ++...        U - amulet of faith Stlth
                     d - ring of protection from cold
HPRegen 0.50/turn    l - ring "Solemet" {+Blink rElec rPois rC- Int+6}
MPRegen 0.21/turn

%: faith
@: berserking, lethally poisoned (0 -> -43), studying Invocations, unable to
read, very quick
A: fangs 1, strong nose, distributed training, inability to read after injury 1
a: Renounce Religion, Evoke Blink, Berserk, Trog's Hand


You were on level 15 of the Dungeon.
You worshipped Trog.
Trog was most pleased with you.
You visited 2 branches of the dungeon, and saw 20 of its levels.
You also visited: Ossuary and Ice Cave.

You collected 1214 gold pieces.
You spent 860 gold pieces at shops.

Inventory:

Hand Weapons
 a - a +2 battleaxe of freezing (weapon)
 b - a -1 demon whip of venom
 w - a +0 broad axe of flaming
Missiles
 c - 3 atropa-tipped darts
 f - 4 throwing nets
 p - 3 curare-tipped darts
 u - 8 javelins
 C - 16 poisoned darts (quivered)
 L - 11 boomerangs
Armour
 i - a +0 hat of willpower (worn)
 t - a +2 pair of gloves (worn)
 y - the +6 chain mail of Beauty (worn) {Str+3 Int+3 Dex+2}
   (You bought it in a shop on level 6 of the Dungeon)

   Str+3:     It affects your strength (+3).
   Int+3:     It affects your intelligence (+3).
   Dex+2:     It affects your dexterity (+2).
 D - a +0 cloak (worn)
Jewellery
 d - a ring of protection from cold (left hand)
 e - a ring of see invisible
 l - the ring "Solemet" (right hand) {+Blink rElec rPois rC- Int+6}
   (You found it on level 9 of the Dungeon)

   [ring of intelligence]

   Int+6:     It affects your intelligence (+6).
   rC-:       It makes you vulnerable to cold.
   rElec:     It insulates you from electricity.
   rPois:     It protects you from poison +Blink: It lets you blink.
 v - a +5 ring of evasion
 E - a ring of resist corrosion
 N - a ring of protection from cold
 U - an amulet of faith (around neck)
Wands
 m - a wand of digging (4)
 n - a wand of iceblast (6)
 x - a wand of flame (15)
 F - a wand of charming (6)
 Q - a wand of quicksilver (11)
Scrolls
 j - a scroll of fog
 B - 5 scrolls of poison
 I - 5 scrolls of teleportation
 M - 2 scrolls of blinking
 P - 3 scrolls of immolation
 T - a scroll of fear
Potions
 g - 2 potions of enlightenment
 h - 5 potions of might
 k - 8 potions of curing
 o - 2 potions of heal wounds
 q - 2 potions of haste
 r - a potion of berserk rage {unknown}
 s - 7 potions of lignification
 z - 3 potions of cancellation
 A - 2 potions of invisibility
 G - a potion of resistance {unknown}
 H - 3 potions of attraction
 J - 2 potions of mutation
 R - a potion of brilliance {unknown}


   Skills:
 + Level 12.2 Fighting
 + Level 10.4 Short Blades
 + Level 10.4 Long Blades
 + Level 12.2 Axes
 + Level 10.4 Maces & Flails
 + Level 10.4 Polearms
 + Level 10.4 Staves
 + Level 10.4 Ranged Weapons
 + Level 10.4 Throwing
 + Level 11.3 Armour
 + Level 11.3 Dodging
 + Level 10.4 Stealth
 + Level 10.4 Shields
 + Level 10.4 Unarmed Combat
 + Level 10.4 Spellcasting
 + Level 8.7 Conjurations
 + Level 8.7 Hexes
 + Level 8.7 Summonings
 + Level 8.7 Necromancy
 + Level 8.7 Translocations
 + Level 8.7 Fire Magic
 + Level 8.7 Ice Magic
 + Level 8.7 Air Magic
 + Level 8.7 Earth Magic
 + Level 8.7 Alchemy
 + Level 15.4 Invocations
 + Level 10.4 Evocations
 + Level 9.5 Shapeshifting


You had 34 spell levels left.
You didn't know any spells.
Your spell library was empty.

Dungeon Overview and Level Annotations

Branches:
Dungeon (15/15)            Temple (0/1) D:7            Lair (5/5) D:9
  Swamp (0/4) Lair:3        Snake (0/4) Lair:3        Slime (0/5) Lair:5
    Orc (0/2) D:10         Vaults (0/5) D:14         Depths (0/4) D:15
Ossuary (visited)           IceCv (visited)

Altars:
Nemelex Xobeh
Trog
Jiyva

Shops:
D:6 [(   D:7 *


Innate Abilities, Weirdness & Mutations

You have very sharp teeth.
Your uncanny sense of smell can sniff out nearby items.
Your experience applies equally to all skills.
You occasionally lose the ability to read scrolls when taking damage.


Message History

A red film seems to cover your vision as you go berserk!
You feel yourself moving faster!
You feel mighty!
You feel very sick. The meliai hits you with a +0 hand axe!
* * * LOW HITPOINT WARNING * * *
The meliai barely misses you. The meliai hits you with a +0 hand axe.
* * * LOW HITPOINT WARNING * * *
The meliai stings you.
* * * LOW HITPOINT WARNING * * *
You are more poisoned.
The meliai poisons you!
You completely miss the meliai.
* * * LOW HITPOINT WARNING * * *
You feel extremely sick. The meliai hits you with a +0 hand axe!
* * * LOW HITPOINT WARNING * * *
The meliai stings you but does no damage.
You barely miss the meliai.
* * * LOW HITPOINT WARNING * * *
You feel very sick. The meliai barely misses you. The meliai misses you.
The meliai completely misses you.
The meliai stings you but does no damage.
You slash the meliai! You freeze the meliai.
The meliai is heavily wounded.
* * * LOW HITPOINT WARNING * * *
You feel very sick. The meliai misses you. The meliai stings you.
* * * LOW HITPOINT WARNING * * *
You feel threatened and lose the ability to read scrolls!
You are more poisoned.
The meliai poisons you!
Unknown command.
Unknown command.
Unknown command.
Unknown command.
Unknown command.
You barely miss the meliai. You bite the meliai.
The meliai is heavily wounded.
You die...

*..........#.........
*..........#......e..
*..........#.........
*********##**##+####...####.##..#
*,,,,*,,*...##..####...####***,,*
*,,,,,,,,.................#,,,,,,
*,,,,,,,,............)....#,,,,,,
*,,,,,,,,...............".#,,,,,,
*,,,,,,,,.......@y........#,,,,,,
*,,,,,,**.......##........+,,,,,,
*,,,,,,**.......*#...(...##,,,***
*,,,,,,*,................#*,,,***
*,,,,,,*,..$...............,,,*,,
*,,,,,,*,..................,,,*,,
*,,,,,,*,.................,,,,*,,
*********+########.##...##*,,,***
*,,,,****,,,,,***#.#*...#**,,,***


You could see a meliai.

Vanquished Creatures
  Rupert (Lair:4)
  Gastronok (Lair:1)
  A frost giant (IceCv)
  2 dire elephants
  The ghost of Cistriuss the Blocker, a journeyman DgFi (Lair:1)
  The ghost of MysticSailboat the Fighter, a journeyman DsMo of Lugonu (D:11)
  Harold (Lair:1)
  A merfolk avatar (Lair:5)
  5 hydras
  4 two-headed ogres
  2 centaur warriors
  3 boulder beetles
  6 death yaks (IceCv)
  2 tengu warriors (D:14)
  Amaemon (Lair:1)
  3 skysharks
  A harpy (Lair:5)
  Pikel (D:6)
  An orc knight (D:11)
  13 ugly things
  A deep elf pyromancer (D:15)
  An oklob plant (Lair:4)
  2 manticores
  A shining eye (shapeshifter) (D:14)
  5 cyclopes
  3 elephants (Lair:4)
  6 black mambas
  An eye of devastation (shapeshifter) (D:13)
  3 gargoyles
  8 cane toads
  An ice statue (IceCv)
  A torpor snail (Lair:2)
  10 rime drakes
  10 komodo dragons
  A tengu conjurer (D:14)
  8 polar bears
  A meliai (shapeshifter) (D:14)
  7 trolls
  A meliai (D:14)
  A hornet (Lair:4)
  31 blink frogs
  A snapping turtle (Lair:5)
  A centaur simulacrum (D:14)
  A wyvern (shapeshifter) (D:14)
  A spriggan (Lair:2)
  2 vampires
  A shadow (D:10)
  8 wyverns
  7 basilisks
  5 wraiths
  A human (shapeshifter) (D:14)
  2 steam dragons (Lair:5)
  38 yaks
  6 vampire mosquitoes (Lair:3)
  3 nagas (Lair:3)
  3 acid dragons
  16 water moccasins
  2 ice beasts
  An orc warrior (D:9)
  A black bear (D:5)
  An ogre (D:6)
  A sky beast (D:8)
  12 centaurs
  16 wolves
  A phantom (D:3)
  4 lemures (D:6)
  8 bullfrogs
  A gnoll sergeant (D:8)
  3 scorpions
  8 wights
  13 killer bees
  2 howler monkeys
  7 jellies
  4 orc priests
  5 hounds
  2 sleepcaps
  A centaur skeleton (Ossuary)
  2 iguanas (D:6)
  13 orc wizards
  A crocodile zombie (Ossuary)
  12 mummies (Ossuary)
  8 gnolls
  6 adders
  2 shadow imps
  A white imp (D:6)
  4 ufetubi
  3 worms
  A dart slug (D:4)
  49 orcs
  14 endoplasms
  5 giant cockroaches
  5 goblins
  7 hobgoblins
  2 quokkas
  5 ball pythons
  5 bats
  8 frilled lizards
  A gnoll skeleton (Ossuary)
  3 kobolds
  3 kobold skeletons (Ossuary)
  3 orc skeletons (Ossuary)
  4 rats
  10 spectral rats (Ossuary)
520 creatures vanquished.

Vanquished Creatures (collateral kills)
  A hydra (D:15)
  An orange demon (Lair:1)
2 creatures vanquished.

Grand Total: 522 creatures vanquished

Notes
Turn   | Place    | Note
-------+----------+-------------------------------------------
     0 | D:1      | jejorda2 the Gnoll Berserker began the quest for the Orb.
     0 | D:1      | Reached XP level 1. HP: 23/23 MP: 1/1
   236 | D:1      | Reached XP level 2. HP: 29/29 MP: 2/2
   633 | D:2      | You fall into a shaft and drop 1 floor!
   731 | D:2      | Reached XP level 3. HP: 35/35 MP: 3/3
   777 | D:2      | Reached ** piety under Trog
  1155 | D:3      | Reached skill level 1 in Invocations
  1199 | D:3      | Noticed a phantom
  1208 | D:3      | Killed a phantom
  1209 | D:3      | Reached skill level 1 in Short Blades
  1209 | D:3      | Reached skill level 1 in Long Blades
  1209 | D:3      | Reached skill level 1 in Maces & Flails
  1209 | D:3      | Reached skill level 1 in Polearms
  1209 | D:3      | Reached skill level 1 in Staves
  1209 | D:3      | Reached skill level 1 in Ranged Weapons
  1209 | D:3      | Reached skill level 1 in Throwing
  1209 | D:3      | Reached skill level 1 in Stealth
  1209 | D:3      | Reached skill level 1 in Shields
  1209 | D:3      | Reached skill level 1 in Unarmed Combat
  1209 | D:3      | Reached skill level 1 in Spellcasting
  1209 | D:3      | Reached skill level 1 in Conjurations
  1209 | D:3      | Reached skill level 1 in Hexes
  1209 | D:3      | Reached skill level 1 in Summonings
  1209 | D:3      | Reached skill level 1 in Necromancy
  1209 | D:3      | Reached skill level 1 in Translocations
  1209 | D:3      | Reached skill level 1 in Transmutations
  1209 | D:3      | Reached skill level 1 in Fire Magic
  1209 | D:3      | Reached skill level 1 in Ice Magic
  1209 | D:3      | Reached skill level 1 in Air Magic
  1209 | D:3      | Reached skill level 1 in Earth Magic
  1209 | D:3      | Reached skill level 1 in Alchemy
  1209 | D:3      | Reached skill level 1 in Evocations
  1209 | D:3      | Reached skill level 1 in Shapeshifting
  1209 | D:3      | Reached XP level 4. HP: 39/41 MP: 5/5
  1213 | D:3      | Reached XP level 5. HP: 46/47 MP: 5/7
  2007 | D:4      | Reached skill level 2 in Invocations
  2007 | D:4      | Reached XP level 6. HP: 53/53 MP: 8/8
  2534 | D:4      | Reached skill level 5 in Armour
  2534 | D:4      | Reached skill level 5 in Dodging
  2942 | D:5      | Entered Level 5 of the Dungeon
  2955 | D:5      | Noticed a water moccasin
  2967 | D:5      | Killed a water moccasin
  2968 | D:5      | Reached *** piety under Trog
  2973 | D:5      | Reached XP level 7. HP: 59/59 MP: 8/10
  3224 | D:5      | Noticed a vampire
  3234 | D:5      | Killed a vampire
  3235 | D:5      | Reached skill level 3 in Invocations
  3414 | D:5      | Reached XP level 8. HP: 62/67 MP: 12/12
  3488 | D:5      | Reached skill level 4 in Invocations
  3799 | D:6      | Found Kosir's Antique Armour Emporium.
  3819 | D:6      | Noticed Pikel
  3832 | D:6      | Killed Pikel
  3833 | D:6      | Reached skill level 5 in Invocations
  3833 | D:6      | Reached XP level 9. HP: 73/73 MP: 14/14
  3839 | D:6      | Bought a heavily runed chain mail for 190 gold pieces
  3839 | D:6      | Identified the +6 chain mail of Beauty {Str+3 Int+3 Dex+2}
                  | (You bought it in a shop on level 6 of the Dungeon)
  4317 | D:6      | Found Ucwut's Hydra Hut.
  4340 | D:6      | Noticed an eight-headed hydra
  4734 | D:7      | Reached skill level 6 in Invocations
  4839 | D:7      | Found a sand-covered staircase.
  4860 | Ossuary  | Entered an ossuary
  4933 | Ossuary  | Reached **** piety under Trog
  5337 | D:7      | Noticed a gargoyle
  5345 | D:7      | Killed a gargoyle
  5571 | D:7      | Found a staircase to the Ecumenical Temple.
  5760 | D:7      | Found Varag's Fire Supplies.
  6064 | D:8      | Reached skill level 7 in Invocations
  6084 | D:8      | Reached XP level 10. HP: 42/80 MP: 17/17
  6220 | D:6      | Bought a +0 broad axe of flaming for 110 gold pieces
  6333 | D:8      | Reached skill level 5 in Short Blades
  6333 | D:8      | Reached skill level 5 in Long Blades
  6333 | D:8      | Reached skill level 5 in Maces & Flails
  6333 | D:8      | Reached skill level 5 in Polearms
  6333 | D:8      | Reached skill level 5 in Staves
  6333 | D:8      | Reached skill level 5 in Ranged Weapons
  6333 | D:8      | Reached skill level 5 in Throwing
  6333 | D:8      | Reached skill level 5 in Stealth
  6333 | D:8      | Reached skill level 5 in Shields
  6333 | D:8      | Reached skill level 5 in Unarmed Combat
  6333 | D:8      | Reached skill level 5 in Spellcasting
  6333 | D:8      | Reached skill level 5 in Evocations
  6417 | D:8      | Found a bloodstained altar of Trog.
  7149 | D:9      | Reached skill level 8 in Invocations
  7153 | D:9      | Reached skill level 5 in Shapeshifting
  7335 | D:9      | Identified the ring "Solemet" {+Blink rElec rPois rC-
                  | Int+6}
  7532 | D:9      | Identified the +1 ring mail of Xemno {Rampage +Inv rF+
                  | Int+2}
  7713 | D:9      | Found a staircase to the Lair.
  8018 | D:9      | Reached XP level 11. HP: 87/87 MP: 19/19
  8125 | D:10     | Entered Level 10 of the Dungeon
  8204 | D:10     | Noticed a two-headed ogre
  8211 | D:10     | Killed a two-headed ogre
  8212 | D:10     | Reached skill level 5 in Conjurations
  8212 | D:10     | Reached skill level 5 in Hexes
  8212 | D:10     | Reached skill level 5 in Summonings
  8212 | D:10     | Reached skill level 5 in Necromancy
  8212 | D:10     | Reached skill level 5 in Translocations
  8212 | D:10     | Reached skill level 5 in Transmutations
  8212 | D:10     | Reached skill level 5 in Fire Magic
  8212 | D:10     | Reached skill level 5 in Ice Magic
  8212 | D:10     | Reached skill level 5 in Air Magic
  8212 | D:10     | Reached skill level 5 in Earth Magic
  8212 | D:10     | Reached skill level 5 in Alchemy
  8212 | D:10     | Reached skill level 9 in Invocations
  8317 | D:10     | Found a staircase to the Orcish Mines.
  8386 | D:10     | Noticed a two-headed ogre
  8398 | D:10     | Killed a two-headed ogre
  8569 | D:10     | Found a sparkling altar of Nemelex Xobeh.
  8572 | D:10     | Upgraded the game from 0.31-a0-1308-ga3cce3a448 to
                  | 0.31-a0-1321-g5021b54cb2
  8639 | Lair:1   | Entered Level 1 of the Lair of Beasts
  8642 | Lair:1   | Noticed Amaemon
  8651 | Lair:1   | Killed Amaemon
  8923 | Lair:1   | Noticed Gastronok
  8947 | Lair:1   | Killed Gastronok
  8948 | Lair:1   | Reached skill level 10 in Invocations
  9294 | Lair:1   | Identified the +10 whip of Ragnarok {venom, ^Fragile +Blink
                  | Stlth+}
  9362 | Lair:1   | Found a runed translucent door.
  9364 | Lair:1   | Noticed Cistriuss's ghost (journeyman DgFi)
  9583 | Lair:1   | Noticed Harold
  9595 | Lair:1   | Killed Harold
  9596 | Lair:1   | Reached XP level 12. HP: 81/97 MP: 22/22
  9747 | Lair:1   | Killed Cistriuss's ghost
  9888 | Lair:2   | Found a frozen archway.
  9909 | IceCv    | Entered an ice cave
  9976 | IceCv    | Noticed a death yak
  9988 | IceCv    | Killed a death yak
  9989 | IceCv    | Reached skill level 11 in Invocations
  9996 | IceCv    | Reached skill level 10 in Fighting
  9996 | IceCv    | Reached skill level 10 in Axes
 10177 | IceCv    | Noticed a death yak
 10177 | IceCv    | Noticed a death yak
 10194 | IceCv    | Killed a death yak
 10201 | IceCv    | Killed a death yak
 10628 | IceCv    | Noticed a death yak
 10636 | IceCv    | Killed a death yak
 10825 | IceCv    | Noticed a death yak
 10825 | IceCv    | Noticed a frost giant
 10837 | IceCv    | Killed a frost giant
 10844 | IceCv    | Noticed a death yak
 11058 | IceCv    | Killed a death yak
 11067 | IceCv    | Killed a death yak
 11068 | IceCv    | Reached skill level 12 in Invocations
 11068 | IceCv    | Reached XP level 13. HP: 76/104 MP: 23/25
 12402 | Lair:3   | Found a staircase to the Swamp.
 13242 | Lair:3   | Reached skill level 13 in Invocations
 13912 | Lair:3   | Reached skill level 10 in Armour
 13912 | Lair:3   | Reached skill level 10 in Dodging
 13973 | Lair:3   | Found a staircase to the Snake Pit.
 15480 | Lair:4   | Noticed Rupert
 15524 | Lair:4   | Killed Rupert
 15525 | Lair:4   | Reached XP level 14. HP: 113/113 MP: 27/27
 15855 | Lair:5   | Entered Level 5 of the Lair of Beasts
 16385 | Lair:5   | Noticed a dire elephant
 16385 | Lair:5   | Noticed a dire elephant
 16833 | Lair:5   | Reached skill level 14 in Invocations
 16960 | Lair:5   | Killed a dire elephant
 17043 | Lair:4   | Killed a dire elephant
 17528 | Lair:5   | Found a viscous altar of Jiyva.
 17528 | Lair:5   | Found a staircase to the Slime Pits.
 17537 | Lair:5   | Identified the +10 dagger "Yniud" {drain, rC+ Will++}
 19179 | D:6      | Bought an ichor-stained plate armour for 560 gold pieces
 19179 | D:6      | Identified the +0 plate armour "Waywket" {rElec Stlth+}
                  | (You bought it in a shop on level 6 of the Dungeon)
 19526 | D:11     | Found a runed translucent door.
 19526 | D:11     | Noticed MysticSailboat's ghost (journeyman DsMo)
 20118 | D:11     | Killed MysticSailboat's ghost
 21611 | D:13     | Reached skill level 10 in Short Blades
 21611 | D:13     | Reached skill level 10 in Long Blades
 21611 | D:13     | Reached skill level 10 in Maces & Flails
 21611 | D:13     | Reached skill level 10 in Polearms
 21611 | D:13     | Reached skill level 10 in Staves
 21611 | D:13     | Reached skill level 10 in Ranged Weapons
 21611 | D:13     | Reached skill level 10 in Throwing
 21611 | D:13     | Reached skill level 10 in Stealth
 21611 | D:13     | Reached skill level 10 in Shields
 21611 | D:13     | Reached skill level 10 in Unarmed Combat
 21611 | D:13     | Reached skill level 10 in Spellcasting
 21611 | D:13     | Reached skill level 10 in Evocations
 21653 | D:13     | Reached XP level 15. HP: 120/120 MP: 29/29
 22857 | D:14     | Reached skill level 15 in Invocations
 22999 | D:14     | Found a gate to the Vaults.
 23020 | D:14     | Gained mutation: You occasionally lose the ability to read
                  | scrolls when taking damage. [a shining eye]
 24089 | D:15     | Entered Level 15 of the Dungeon
 24115 | D:15     | HP: 3/121 [burnt (11)]
 24153 | D:15     | HP: 8/181 [poisoned by a meliai]
 24154 | D:15     | Succumbed to a meliai's poison

Illustrated notes

Levels and vault maps discovered:
D:1:      amcnicky_arrival_flooded_fountain, layout_rooms, serial_forest,
          infiniplex_forest_lined_4_way, infiniplex_forest_pool,
          infiniplex_forest_lined_1, infiniplex_forest_lined_corner,
          infiniplex_forest_lined_corner
D:2:      layout_rooms
D:3:      layout_loops_ring, minmay_misc_feat_ornament
D:4:      layout_layer_cave, serial_park_tiny_1
D:5:      layout_rooms, minmay_manual_monolith
D:6:      layout_cave_pods, serial_shops, nicolae_shop_behind_doors,
          doesnt_shop_hydraphobe, uniq_pikel
D:7:      layout_gridville, minmay_temple_entry_enclosed_plants,
          nicolae_ossuary_entry_false_entrances, nicolae_shop_fire_sale
          [nicolae_sub_dead_trees], hangedman_abyss_or_decor_passed
D:8:      nicolae_whirlpool, layout_basic, mainiacjoe_overflow_paths
D:9:      layout_irregular_city, david_lair_shrubbed, kennysheep_nub
D:10:     layout_rooms, nemelex_diamond_rough_becter
D:11:     layout_gridville, ebering_ghost_inner_flame
D:12:     layout_basic
D:13:     layout_loops_ring
D:14:     layout_stronghold, david_vaults_2, minmay_misc_feat_room,
          dreamdust_mushroom_princess, eino_jars
D:15:     grunt_enter_depths_hoard, layout_gridville, gauntlet_entry_generic,
          chequers_serial_rivers_micro_c, uniq_azrael
Lair:1:   layout_chaotic_city, gammafunk_ghost_grave,
          nicolae_lair_grove_arrangements, serial_bayou_shore_a, uniq_gastronok,
          uniq_harold, uniq_amaemon
Lair:2:   wander_river, layout_chaotic_city,
          portal_ice_cave_entry_ice_simulacra, grunt_forest_large_clearing_hut
Lair:3:   layout_regular_city, minmay_swamp_entry_swarm,
          minmay_snake_entry_guardpost_medium, serial_bayou_shore_b
Lair:4:   lemuel_slime, layout_loops_ring, infiniplex_staircase_pool,
          uniq_rupert
Lair:5:   gammafunk_lair_ancient_temple, layout_big_grid, slime_entry_1

Skill      XL: |  1  2  3  4  5  6  7  8  9 10 11 12 13 14 15 |
---------------+----------------------------------------------+-----
Invocations    | 1 2 3 5 7 8 10 12 13 14 15 | 15.4
Short Blades   | 1 2 3 4 5 7 8 9 10 | 10.4
Long Blades    | 1 2 3 4 5 7 8 9 10 | 10.4
Maces & Flails | 1 2 3 4 5 7 8 9 10 | 10.4
Polearms       | 1 2 3 4 5 7 8 9 10 | 10.4
Staves         | 1 2 3 4 5 7 8 9 10 | 10.4
Ranged Weapons | 1 2 3 4 5 7 8 9 10 | 10.4
Throwing       | 1 2 3 4 5 7 8 9 10 | 10.4
Stealth        | 1 2 3 4 5 7 8 9 10 | 10.4
Shields        | 1 2 3 4 5 7 8 9 10 | 10.4
Unarmed Combat | 1 2 3 4 5 7 8 9 10 | 10.4
Spellcasting   | 1 2 3 4 5 7 8 9 10 | 10.4
Conjurations   | 1 2 3 4 5 6 7 8 |  8.7
Hexes          | 1 2 3 4 5 6 7 8 |  8.7
Summonings     | 1 2 3 4 5 6 7 8 |  8.7
Necromancy     | 1 2 3 4 5 6 7 8 |  8.7
Translocations | 1 2 3 4 5 6 7 8 |  8.7
Transmutations | 1 2 3 4 6 |  0.0
Fire Magic     | 1 2 3 4 5 6 7 8 |  8.7
Ice Magic      | 1 2 3 4 5 6 7 8 |  8.7
Air Magic      | 1 2 3 4 5 6 7 8 |  8.7
Earth Magic    | 1 2 3 4 5 6 7 8 |  8.7
Alchemy        | 1 2 3 4 5 6 7 8 |  8.7
Evocations     | 1 2 3 4 5 7 8 9 10 | 10.4
Shapeshifting  | 1 2 3 4 5 6 7 8 9 |  9.5
Armour         | 5 6 7 8 9 10 11 | 11.3
Dodging        | 5 6 7 8 9 10 11 | 11.3
Fighting       | 7 8 9 10 11 12 | 12.2
Axes           | 7 8 9 10 11 12 | 12.2

Action                     |  1- 3 |  4- 6 |  7- 9 | 10-12 | 13-15 || total
---------------------------+-------+-------+-------+-------+-------++-------
  Melee: Hand axe          |    92 |   105 |   159 |       |       ||   356
         Bite              |    11 |     5 |    33 |    71 |   168 ||   288
         Punch             |     1 |     1 |     3 |       |    70 ||    75
         War axe           |       |       |   127 |     4 |       ||   131
         Broad axe         |       |       |       |   249 |    17 ||   266
         Demon whip        |       |       |       |   147 |   803 ||   950
         Battleaxe         |       |       |       |       |   284 ||   284
  Throw: Javelin           |       |       |       |     4 |       ||     4
         Dart              |       |       |       |     1 |    45 ||    46
 Invoke: Berserk           |     1 |     3 |     5 |    14 |    24 ||    47
         Trog's Hand       |       |       |     3 |     7 |    10 ||    20
         Brothers in Arms  |       |       |       |     1 |     2 ||     3
  Evoke: Wand              |       |       |     3 |       |     5 ||     8
    Use: Scroll            |       |       |    18 |     6 |     8 ||    32
         Potion            |       |       |       |       |     5 ||     5
   Stab: Sleeping          |       |       |       |       |     2 ||     2
         Distracted        |       |       |       |       |     1 ||     1
 Armour: Ring mail         |     8 |       |       |       |       ||     8
         Animal skin       |     5 |       |       |       |       ||     5
         Scale mail        |    34 |    51 |       |   117 |    17 ||   219
         Plate armour      |       |     9 |   110 |       |       ||   119
         Chain mail        |       |       |    94 |   274 |   948 ||  1316
  Dodge: Dodged            |    41 |    37 |   121 |   327 |   655 ||  1181
  Block: Other             |       |       |       |       |   155 ||   155
         Reflection        |       |       |       |       |     6 ||     6

Table legend: (Time is in decaauts)
 A = Elapsed time spent in this place.
 B = Non-inter-level travel time spent in this place.
 C = Inter-level travel time spent in this place.
 D = Time resting spent in this place.
 E = Time spent auto-exploring this place.
 F = Levels seen in this place.
 G = Mean time per level.
                   A        B        C        D        E       F      G
               +--------+--------+--------+--------+--------+-----+--------+
         Total |  24413 |  22645 |   1768 |   3076 |  15451 |  22 | 1109.7 |
       Dungeon |  13914 |  12674 |   1240 |    797 |   9686 |  15 |  927.6 |
          Lair |   8543 |   8015 |    528 |   1472 |   5141 |   5 | 1708.6 |
       Ossuary |    401 |    401 |      0 |      0 |    230 |   1 |  401.0 |
      Ice Cave |   1554 |   1554 |      0 |    807 |    394 |   1 | 1554.0 |
               +--------+--------+--------+--------+--------+-----+--------+

Top non-repeatable levels by time:
  Lair:4: 2841 daAuts
    D:14: 1734 daAuts
  Lair:3: 1593 daAuts
   IceCv: 1554 daAuts
  Lair:2: 1508 daAuts
  Lair:1: 1335 daAuts
     D:9: 1291 daAuts
     D:4: 1268 daAuts
  Lair:5: 1263 daAuts
     D:6: 1162 daAuts
    D:11: 1119 daAuts
    D:12: 1101 daAuts
     D:8: 1073 daAuts
     D:7: 962 daAuts
    D:13: 908 daAuts
